 Dungeon Crawl Stone Soup version 0.21.1-1-g345015fe64 (webtiles) character file.

1016 Kohma the Shield-Bearer (level 8, -3/46 HPs)
             Began as a Gargoyle Fighter on June 24, 2018.
             Was an Initiate of Okawaru.
             Slain by an orc warrior
             ... wielding a +0 hand axe
              (5 damage)
             ... on level 6 of the Dungeon.
             The game lasted 00:12:52 (4894 turns).

Kohma the Shield-Bearer (Gargoyle Fighter)          Turns: 4894, Time: 00:12:53

Health: -3/46      AC: 14    Str: 22    XL:     8   Next: 21%
Magic:  8/8        EV:  9    Int:  8    God:    Okawaru [......]
Gold:   245        SH:  7    Dex: 10    Spells: 7/7 levels left

rFire    . . .     SeeInvis .   w - +0 whip (vamp)
rCold    . . .     Gourm    .   g - +2 buckler
rNeg     + . .     Faith    .   q - +0 scale mail
rPois    ∞         Spirit   .   (no helmet)
rElec    +         Reflect  .   (no cloak)
rCorr    .         Harm     .   (no gloves)
MR       .....                  t - +0 pair of boots
Stlth    ..........             (no amulet)
HPRegen  0.15/turn              (no ring)
MPRegen  0.11/turn              (no ring)

@: no status effects
A: negative energy resistance 1, electricity resistance, unbreathing,
petrification resistance, rot immunity, AC +5
a: Renounce Religion


You were on level 6 of the Dungeon.
You worshipped Okawaru.
Okawaru was noncommittal.
You were not hungry.

You visited 2 branches of the dungeon, and saw 7 of its levels.

You collected 245 gold pieces.

Inventory:

Hand Weapons
 a - a +0 flail of protection
 b - a +0 hunting sling
 w - a +0 vampiric whip (weapon)
Missiles
 s - 40 sling bullets
Armour
 c - a +0 shield
 g - a +2 buckler (worn)
 q - a +0 scale mail (worn)
 t - a +0 pair of boots (worn)
Jewellery
 j - a +1 ring of protection {unknown}
 l - an uncursed ring of protection from magic {unknown}
 x - an uncursed amulet of harm {unknown}
Wands
 n - a wand of polymorph (15)
 u - a wand of digging (13)
 y - a wand of random effects (21)
Scrolls
 d - 2 scrolls of remove curse
 p - 7 scrolls of teleportation
Potions
 e - 2 potions of brilliance
 h - a potion of magic
 i - 2 potions of invisibility {unknown}
 o - a potion of agility {unknown}
 r - 2 potions of degeneration {unknown}
 v - a potion of mutation {unknown}
 z - a potion of cancellation {unknown}
 A - a potion of resistance {unknown}
Comestibles
 f - a chunk of flesh
 m - 2 rations


   Skills:
 - Level 3.2 Fighting
 + Level 6.3 Maces & Flails
 - Level 5.1 Armour
 + Level 7.4 Shields


You had 7 spell levels left.
You didn't know any spells.

Dungeon Overview and Level Annotations

Branches:
Dungeon (6/15)             Temple (1/1) D:4

Altars:
Ashenzari
Dithmenos
Fedhas
Gozag
Hepliaklqana
Makhleb
Nemelex Xobeh
Okawaru
Qazlal
Ru
Sif Muna
Trog
Uskayaw
Vehumet
Wu Jian
Xom
Zin
The Shining One


Innate Abilities, Weirdness & Mutations

You are resistant to torment.
Your stone body is resilient. (AC +5)
You are immune to poison.
You resist negative energy. (rN+)
You are resistant to electric shocks. (rElec)
You can survive without breathing.
You are immune to petrification.
You are immune to rotting.


Message History

You kill the jelly!
Okawaru accepts your kill.
The orc priest mumbles some strange prayers to Beogh against you.
Beogh smites you!
* * * LOW HITPOINT WARNING * * *
You hit the orc.
The orc is heavily wounded.
The orc priest calls down the wrath of Beogh upon you.
Beogh smites you!
* * * LOW HITPOINT WARNING * * *
Unknown command.
Okay, then.
Okay, then.
As you read the scroll of immolation, it crumbles to dust.
The creatures around you are filled with an inner flame!
The orc wizard casts a spell at you. You resist with some effort.
The orc wizard hits you but does no damage.
The orc warrior hits you with a hand axe.
You die...

#########
#.......#####
#.#####......
#<#####......
#.#.aoo......
######o.o#.o......
.......@###.......
######.......#####
###...### #.## .#
.# #


You could see an orc warrior (inner flame), a worker ant (inner flame), an orc
wizard (inner flame) and an orc (inner flame).

Vanquished Creatures
  The ghost of Jyngge the Chopper, an amateur MiFi (D:4)
  Duvessa (D:5)
  A phantom (D:4)
  Dowan (D:5)
  A scorpion (D:5)
  A crimson imp (D:5)
  2 orc priests
  A jelly (D:6)
  A bullfrog skeleton (D:4)
  A gnoll shaman (D:4)
  2 worker ants
  5 orc wizards
  4 gnolls
  6 adders
  An ooze (D:1)
  3 worms (D:2)
  A dart slug (D:3)
  4 leopard geckos
  12 orcs
  4 giant cockroaches
  11 goblins
  10 hobgoblins
  6 jackals
  5 kobolds
  2 quokkas
  3 ball pythons
  10 bats
  3 frilled lizards
  A jackal zombie (D:5)
  14 rats
118 creatures vanquished.

Notes
Turn   | Place    | Note
-------+----------+-------------------------------------------
     0 | D:1      | Kohma the Gargoyle Fighter began the quest for the Orb.
     0 | D:1      | Reached XP level 1. HP: 14/14 MP: 1/1
    92 | D:1      | Reached XP level 2. HP: 17/19 MP: 2/2
   395 | D:1      | Reached XP level 3. HP: 9/23 MP: 3/3
  1029 | D:2      | Reached skill level 4 in Shields
  1064 | D:2      | Reached XP level 4. HP: 18/28 MP: 4/4
  1557 | D:3      | Reached XP level 5. HP: 32/32 MP: 5/5
  2068 | D:3      | Found a glowing golden altar of the Shining One.
  2071 | D:3      | Found a hazy altar of Hepliaklqana.
  2074 | D:3      | Found an ornate altar of the Wu Jian Council.
  2342 | D:4      | Noticed Jyngge's ghost (amateur MiFi)
  2377 | D:4      | Killed Jyngge's ghost
  2377 | D:4      | Reached skill level 5 in Armour
  2377 | D:4      | Reached skill level 5 in Shields
  2377 | D:4      | Reached XP level 6. HP: 11/37 MP: 6/6
  3038 | D:4      | Noticed a phantom
  3102 | D:4      | Killed a phantom
  3102 | D:4      | Reached XP level 7. HP: 21/41 MP: 7/7
  3443 | D:4      | Reached skill level 6 in Shields
  3453 | D:4      | Reached skill level 5 in Maces & Flails
  3727 | D:4      | Found a staircase to the Ecumenical Temple.
  3733 | Temple   | Entered the Ecumenical Temple
  3799 | Temple   | Became a worshipper of Warmaster Okawaru
  4023 | D:5      | Entered Level 5 of the Dungeon
  4027 | D:5      | Noticed Duvessa
  4028 | D:5      | Noticed Dowan
  4040 | D:5      | Killed Duvessa
  4047 | D:5      | Killed Dowan
  4144 | D:5      | Reached XP level 8. HP: 37/46 MP: 8/8
  4149 | D:5      | Reached skill level 7 in Shields
  4451 | D:5      | Found a deep blue altar of Sif Muna.
  4761 | D:5      | Found a shimmering altar of Xom.
  4764 | D:5      | Found a radiant altar of Vehumet.
  4766 | D:5      | Found a shadowy altar of Dithmenos.
  4767 | D:5      | Found a stormy altar of Qazlal.
  4769 | D:5      | Found a sparkling altar of Nemelex Xobeh.
  4850 | D:5      | Found a deep blue altar of Sif Muna.
  4891 | D:6      | HP: 1/46 [orc priest/divine providence (9)]
  4894 | D:6      | Slain by an orc warrior

Skill      XL: |  1  2  3  4  5  6  7  8 |
---------------+-------------------------+-----
Armour         | 4 5 |  5.1
Shields        | 4 5 6 7 |  7.4
Maces & Flails | 3 4 5 6 |  6.3
Fighting       | |  3.2

Action                   |  1- 3 |  4- 6 |  7- 9 || total
-------------------------+-------+-------+-------++-------
Melee: Flail             |   142 |   227 |   163 ||   532
       Whip              |       |       |    19 ||    19
  Use: Scroll            |       |    11 |     1 ||    12
       Potion            |       |     1 |       ||     1
  Eat: Chunk             |       |     5 |     1 ||     6
       Ration            |       |     1 |     3 ||     4
Armor: Scale mail        |    75 |   117 |    88 ||   280
Dodge: Dodged            |    59 |    85 |    59 ||   203
Block: Shield            |    78 |   110 |       ||   188
       Buckler           |       |    24 |    76 ||   100
